AoeStats
← Rye

Arabia

510313847Analyzed
1v1 RM · 22h ago on Sep 30, 2026· 41m 23s· 2 players
Game mode
Random Map
Map size
Tiny (2 player)
Population
200
Speed
Normal
Resources
Standard
Victory
Conquest
Starting age
Dark Age
Ending age
Imperial Age
RankedLock teamsTeams togetherTeam positionsShared explorationLock speedFull tech treeHidden civsTurbo modeCheats
Victory
Defeat
🇩🇪 Vikings · Germany
1612
+22
🇨🇳 Saracens · China
1661
-18
Ansi
6:23 Loom
9:19 Feudal Age
10:08 Double-Bit Axe
12:19 Fletching
19:35 Castle Age
18:41 Padded Archer Armor
19:36 Crossbowman
20:12 Bodkin Arrow
22:29 Ballistics
22:39 Gold Mining
22:30 Horse Collar
36:03 Imperial Age
34:24 Leather Archer Armor
34:21 Bow Saw
36:04 Arbalester
36:45 Bracer
37:48 Chemistry
37:06 Capped Ram
38:56 Stone Mining
39:24 Siege Ram
Rye
5:37 Loom
8:42 Feudal Age
9:19 Double-Bit Axe
12:18 Fletching
20:50 Castle Age
19:16 Padded Archer Armor
21:37 Bodkin Arrow
21:08 Elite Skirmisher
21:16 Crossbowman
23:21 Leather Archer Armor
26:46 Horse Collar
31:52 Scale Barding Armor
37:57 Imperial Age
36:37 Ballistics
38:41 Bracer
39:51 Chemistry
39:26 Ring Archer Armor
Connection lost

Rejoining the realm…

Still unreachable

The connection could not be restored.

Session expired

The server has moved on; the page needs a fresh start.